 Dungeon Crawl Stone Soup version 0.17-a0-1368-g6ab37f2 (webtiles) character file.

58 Zwobot the Conjurer (level 3, -2/24 HPs)
             Began as a Mummy Conjurer on June 12, 2015.
             Killed from afar by Natasha (6 damage)
             ... with a magic dart
             ... on level 2 of the Dungeon.
             The game lasted 00:10:10 (2511 turns).

Zwobot the Conjurer (Mummy Conjurer)                Turns: 2511, Time: 00:10:10

Health: -2/24      AC:  2    Str: 11    XL:     3   Next: 75%
Magic:  6/6        EV: 12    Int: 15    God:
Gold:   32         SH:  0    Dex: 12    Spells: 2 memorised, 3 levels left

rFire  x . .     SeeInvis .     j - +0 hunting sling
rCold  + . .     Clarity  .     a - +0 robe
rNeg   + + +     SustAt   .     (no shield)
rPois  ∞         Gourm    .     d - +1 helmet
rElec  .         Spirit   .     (no cloak)
rCorr  +         Warding  .     (no gloves)
rMut   .         Stasis   .     (no boots)
MR     .....                    e - amulet of resist corrosion
Stlth  ++........               i - -2 ring of protection (curse)
                                f - ring of flight

@: not resistant to hostile enchantments, unstealthy
A: no food or potions, fire vulnerability, cold resistance 1, negative energy
resistance 3, torment resistance, unbreathing
a: Evoke Flight


You were on level 2 of the Dungeon.
You were not hungry.

You visited 1 branch of the dungeon, and saw 2 of its levels.

You collected 32 gold pieces.

Inventory:

Hand weapons
 g - a +0 mace
 h - a +0 dagger
 j - a +0 hunting sling (weapon)
Missiles
 c - 45 stones
 m - 15 sling bullets (quivered)
Armour
 a - a +0 robe (worn)
 d - a +1 helmet (worn)
Jewellery
 e - an amulet of resist corrosion (around neck)
 f - a ring of flight (left hand)
 i - a cursed -2 ring of protection (right hand)
 k - an uncursed amulet of guardian spirit
Scrolls
 l - a scroll of identify
Books
 b - a book of Conjurations

   Spells                             Type                      Level
   a - Magic Dart                     Conjuration                  1
   b - Searing Ray                    Conjuration                  2
   c - Dazzling Spray                 Conjuration/Hexes            3
   d - Fulminant Prism                Conjuration/Hexes            4
   e - Iskenderun's Mystic Blast      Conjuration                  4
   f - Iskenderun's Battlesphere      Conjuration/Charms           5


   Skills:
 - Level 1.5 Dodging
 - Level 1.5 Stealth
 - Level 2.0 Spellcasting
 + Level 4.5 Conjurations


You had 3 spell levels left.
You knew the following spells:

 Your Spells              Type           Power        Failure   Level  Hunger
a - Magic Dart            Conj           ###.         3%          1    N/A
b - Searing Ray           Conj           ###...       6%          2    N/A

Dungeon Overview and Level Annotations

Branches:
Dungeon (2/15)

Altars:

Annotations:
D:2 Natasha, Terence


Innate Abilities, Weirdness & Mutations

You do not eat or drink.
Your flesh is vulnerable to fire.
You are immune to poison.
Your flesh is cold resistant.
You are immune to negative energy.
You are immune to unholy pain and torment.
You can survive without breathing.


Message History

Terence hits you with a morningstar.
* * * LOW HITPOINT WARNING * * *
You take 2 damage, and have 1/24 hp.
Terence says, "How do you enjoy it?"
You see here a dagger.
There is a stone staircase leading up here.
Read which item? (? for menu, Esc to quit)
Okay, then.
You can't drink.
Unknown command.
Terence shouts, "Get ready for death!"
Natasha mumbles some strange words.
The crimson imp blinks!
The crimson imp blinks!
You see here a blue potion.
Natasha hisses.
Natasha casts a spell.
Natasha stares at you and mumbles some strange words.
The magic dart hits you!
You die... ..######...###.## ##..........#####..# ... . ......PPP.PPPPPPP.# ## .... .##...##P...P.P.....# .##.h... .......P.P.P.P.PPP## ..... .. #.......P...P.P.P# .... ....###.....PPP.P.P.P.P# ..##.............P...P.....P# ......# #....@@PPPPPPP.PPP#

#.##.# ###....P.P.P.†.P.P#
..##.# #..#..P.P.P.P.P.P
.....#######.....P.....P...P
.......##....##h.P.PPPPPPP.P#
......!#..##.....P.......P.P#
.........#.....#.PPP.PPPPPPP#
...........#5.###....##### #
##.......###..# #....#


You could see Terence and Natasha.

Vanquished Creatures
  An ooze (D:1)
  6 giant geckos
  3 giant cockroaches
  4 hobgoblins (D:1)
  4 jackals
  8 kobolds
  6 bats (D:1)
  A giant newt (D:1)
  8 goblins
  2 rats (D:1)
43 creatures vanquished.

Notes
Turn   | Place    | Note
--------------------------------------------------------------
     0 | D:1      | Zwobot the Mummy Conjurer began the quest for the Orb.
     0 | D:1      | Reached XP level 1. HP: 13/13 MP: 3/3
   383 | D:2      | Reached XP level 2. HP: 7/19 MP: 1/5
   662 | D:2      | Learned a level 2 spell: Searing Ray
  1108 | D:1      | Reached skill level 4 in Conjurations
  1351 | D:1      | Reached XP level 3. HP: 24/24 MP: 3/6
  1393 | D:2      | Noticed Natasha
  2375 | D:2      | Noticed Terence
  2473 | D:2      | HP: 1/24 [Terence/morningstar (2)]
  2511 | D:2      | Killed from afar by Natasha

Vault maps used:
D:1:      grunt_arrival_crossed_arrows, corexii_leaking_fountain
D:2:      first_bread, minmay_hedge_maze, kennysheep_nub, uniq_terence,
          uniq_jessica, uniq_natasha

Action                   || total
-------------------------++-------
Melee: Mace              ||     1
 Fire: Hunting sling     ||     1
 Cast: Magic Dart        ||   102
       Searing Ray       ||     5
  Use: Scroll            ||     2
